Map: Prion Terraces

Players

Ailee (Azure) - Winner!

  • Race: Terran Terran
  • League: Master

Dwarda

  • Race: Zerg Zerg
  • League: Master

VOD

Have the link to the VOD?

Description

Time

  • Played on: Nov. 15, 2015, 10:35 p.m.
  • Length: 14:59
Show
View Real Time Build Order
Export as new Build Order

Ailee Terran - Winner!

Build Orders: Liberator Opening, Reaper Expand, MMM Bio 

Get SALT Encoding   

  12  0:02  SCV  
  13  0:15  SCV  
  13  0:17  Supply Depot  
  14  0:27  SCV  
  15  0:39  SCV  
  15  0:40  Barracks  
  16  0:44  Refinery  
  16  0:51  SCV  
  17  1:03  SCV  
  18  1:15  SCV  
  19  1:28  Reaper, Orbital Command  
  20  1:40  Command Center  
  20  1:49  Supply Depot  
  20  1:54  SCV  
  20  2:00  Reaper  
  22  2:03  Refinery  
  22  2:07  SCV  
  23  2:19  SCV  
  24  2:23  Factory  
  24  2:31  SCV  
  25  2:42  Barracks Reactor  
  25  2:43  SCV  
  26  2:55  Orbital Command  
  26  2:59  Command Center  
  27  3:12  SCV  
  27  3:14  Starport  
  27  3:22  Hellion  
  27  3:23  SCV, Hellion  
  27  3:25  SCV  
  33  3:35  SCV  
  33  3:36  Liberator  
  33  3:37  SCV  
  35  3:46  Hellion  
  35  3:47  Hellion  
  39  3:50  SCV  
  39  3:54  Barracks Tech Lab  
  39  3:55  SCV  
  44  3:58  Supply Depot  
  44  4:02  SCV  
  45  4:07  SCV  
  46  4:11  Hellion x2  
  46  4:14  SCV  
  46  4:15  Orbital Command  
  51  4:17  Stimpack, Marine  
  51  4:19  SCV  
  51  4:22  Liberator  
  53  4:25  Supply Depot  
  53  4:26  SCV  
  54  4:31  SCV  
  54  4:35  Hellion  
  54  4:36  Hellion  
  59  4:38  SCV  
  59  4:43  SCV  
  64  4:45  SCV  
  64  4:51  SCV, Engineering Bay  
  64  4:52  Engineering Bay  
  66  4:55  SCV  
  66  4:58  SCV  
  68  5:03  SCV  
  68  5:08  SCV, Marauder  
  68  5:10  SCV  
  71  5:15  SCV  
  71  5:20  SCV  
  66  5:22  SCV  
  66  5:33  SCV  
  66  5:35  Refinery x2  
  61  5:38  Starport Reactor  
  61  5:41  Barracks  
  61  5:42  Barracks  
  56  5:46  Bunker, Marauder  
  56  5:47  Factory Reactor  
  58  5:51  Terran Infantry Weapons Level 1, Terran Infantry Armor Level 1  
  58  5:57  Bunker  
  58  5:58  Bunker  
  58  6:06  Supply Depot, Barracks  
  58  6:07  Barracks  
  58  6:08  Marauder  
  47  6:29  Marauder  
  42  6:39  SCV  
  43  6:40  SCV x2  
  43  6:46  Marine x2  
  46  6:50  Medivac x2  
  46  6:51  SCV, Marauder  
  46  6:52  SCV x2  
  55  6:55  Factory Tech Lab  
  55  7:04  SCV x3  
  55  7:06  Barracks Reactor x2, Marine x2  
  55  7:07  Armory  
  60  7:16  SCV x2  
  60  7:17  Combat Shields, Marine x3  
  60  7:18  Supply Depot x2  
  57  7:31  Marine x2  
  49  7:37  Medivac  
  49  7:38  Medivac  
  49  7:39  Marine  
  49  7:40  Marine  
  44  7:55  SCV  
  45  7:59  Marine x3  
  45  8:00  Marine  
  45  8:04  Marine  
  48  8:05  SCV  
  48  8:12  Marine x4  
  53  8:15  SCV  
  53  8:17  SCV  
  53  8:19  Marine  
  56  8:23  Marine x2  
  58  8:28  Marine x2  
  58  8:30  Marauder  
  58  8:31  Marine  
  60  8:43  Marine x2  
  52  8:49  Marine x3  
  52  8:50  Marine x2  
  52  8:55  Marine x2  
  55  9:00  SCV  
  55  9:01  SCV  
  55  9:02  Marine x2  
  58  9:07  Marine x3  
  62  9:14  SCV x2  
  64  9:18  Marine x2  
  64  9:19  Marine  
  64  9:24  Orbital Command  
  67  9:25  Siege Tank  
  67  9:29  Marine  
  74  9:39  Terran Infantry Weapons Level 2  
  74  9:42  SCV  
  74  9:44  SCV  
  74  9:48  Terran Infantry Armor Level 2  
  74  9:52  Marine x2  
  75  9:54  SCV  
  75  9:56  Marine  
  77  10:01  Marauder  
  77  10:03  Marine  
  80  10:09  Siege Tank  
  80  10:10  Marine  
  80  10:11  Marine  
  85  10:16  Marine  
  85  10:30  Supply Depot  
  85  10:32  Marine x7  
  92  10:36  Marine  
  93  10:52  SCV, Siege Tank, Marine x4  
  101  11:01  Supply Depot x2  
  101  11:22  SCV, Medivac x2, Marine x7  
  101  11:23  Marauder  
  115  11:25  Supply Depot  
  115  11:26  Supply Depot  
  115  11:27  Marine  
  116  11:36  Supply Depot  
  116  11:40  Marine  
  117  11:47  Marauder, Siege Tank, Marine x3  
  125  11:56  Marine  
  125  11:57  Marine  
  124  12:02  Marine  
  120  12:09  Marine, Marauder  
  117  12:27  Marine  
  117  12:29  Marine x3  
  119  12:30  Marauder  
  119  12:31  Medivac  
  123  12:40  Marine  
  123  12:41  Marine x3  
  123  12:42  Medivac  
  121  12:51  Marauder  
  119  13:01  Medivac  
  117  13:12  Medivac  
  117  13:13  Marauder  
  114  13:22  Marine x2  
  114  13:23  Marine x4  
  114  13:24  Marine  
  100  13:27  Marine  
  100  13:30  Siege Tank  
  100  13:32  SCV  
  91  13:37  Medivac  
  91  13:40  Marine x3  
  91  13:41  Marine  
  98  13:42  Marine, Medivac  
  98  13:43  Marine  
  98  13:44  Marine  
  103  13:53  Marauder  
  103  13:54  Command Center  
  103  13:56  Marine  
  103  13:58  Marine  
  105  14:03  Siege Tank  
  108  14:11  Marine x3  
  108  14:15  Marauder  
  112  14:21  Marine x2  
  114  14:25  Marine x3  
  114  14:29  Marine  
  118  14:33  Barracks  
  118  14:35  Barracks  
  118  14:36  Marauder  
  120  14:39  Marine x2  
  120  14:41  Marine  
Show
View Real Time Build Order
Export as new Build Order

Dwarda Zerg 

Build Orders: Hatch First 

Get SALT Encoding   

  12  0:02  Drone  
  13  0:12  Overlord  
  13  0:18  Drone  
  14  0:31  Drone x2  
  14  0:35  Drone  
  17  0:53  Hatchery  
  17  0:56  Drone  
  17  0:58  Drone  
  18  1:10  Extractor  
  17  1:14  Spawning Pool  
  17  1:17  Drone  
  17  1:20  Drone  
  18  1:29  Drone  
  19  1:40  Drone  
  20  1:50  Overlord  
  20  2:00  Queen  
  22  2:04  Queen  
  22  2:05  Zergling x2  
  22  2:06  Zergling x2  
  26  2:11  Drone  
  26  2:12  Metabolic Boost  
  27  2:22  Drone x2  
  29  2:27  Drone  
  28  2:38  Spore Crawler  
  28  2:45  Drone x2  
  28  2:49  Drone x2  
  28  2:50  Queen  
  33  2:57  Drone  
  34  3:04  Drone  
  35  3:05  Drone  
  35  3:11  Hatchery  
  35  3:12  Overlord  
  34  3:14  Drone  
  34  3:15  Drone  
  36  3:25  Extractor  
  35  3:29  Roach Warren, Drone  
  35  3:30  Drone  
  35  3:31  Drone x2  
  38  3:44  Extractor  
  38  3:45  Drone x6  
  43  3:50  Overlord  
  43  4:09  Overlord  
  45  4:10  Roach x4  
  51  4:18  Drone  
  51  4:19  Overlord  
  51  4:23  Drone  
  51  4:24  Drone x2  
  55  4:25  Roach  
  57  4:31  Roach  
  57  4:32  Roach x2  
  57  4:38  Drone x3  
  66  4:49  Drone x3  
  66  4:52  Lair  
  69  4:53  Evolution Chamber x2, Drone x2  
  69  4:59  Ravager x3  
  72  5:14  Roach  
  68  5:17  Zergling x8  
  68  5:18  Zergling x4  
  63  5:21  Drone x2  
  63  5:22  Drone x4  
  63  5:34  Drone x2  
  63  5:35  Drone  
  63  5:39  Drone x2  
  65  5:47  Drone  
  66  5:50  Roach x2  
  66  5:52  Overseer  
  70  5:57  Drone  
  70  6:01  Ravager  
  70  6:02  Ravager  
  73  6:05  Drone, Zerg Ground Armor Level 1  
  73  6:07  Overlord  
  66  6:32  Roach  
  71  6:33  Roach x2  
  71  6:37  Zergling x2  
  71  6:38  Zergling x18  
  81  6:43  Zergling x2  
  82  6:50  Zerg Melee Weapons Level 1  
  82  6:52  Overlord x4  
  82  6:58  Zergling x4  
  82  7:00  Overlord x3  
  82  7:03  Overlord  
  82  7:10  Drone x2, Ravager  
  82  7:14  Drone  
  82  7:15  Hatchery  
  78  7:33  Roach x7  
  81  7:38  Roach  
  81  7:49  Zergling x18  
  87  7:53  Drone  
  85  8:01  Zergling x10  
  85  8:03  Glial Reconstitution  
  90  8:10  Drone x3  
  90  8:11  Queen  
  95  8:18  Ravager  
  96  8:25  Drone x8  
  104  8:30  Drone x2  
  104  8:32  Extractor  
  96  8:47  Burrow, Roach  
  96  8:48  Roach x4  
  85  8:57  Zergling x14  
  90  9:06  Zergling x2  
  90  9:07  Zergling x4  
  90  9:09  Overlord x4  
  93  9:22  Zergling x2  
  93  9:23  Zergling x18  
  103  9:24  Zerg Ground Armor Level 2  
  103  9:27  Zerg Melee Weapons Level 2  
  103  9:28  Drone  
  104  9:33  Ravager  
  104  9:37  Drone, Extractor  
  104  9:38  Drone x3  
  108  9:42  Drone, Extractor  
  108  9:44  Hatchery  
  107  9:50  Drone x2  
  107  9:51  Drone x4, Baneling Nest  
  112  9:55  Ravager  
  112  9:56  Ravager  
  114  10:10  Zergling x22  
  125  10:25  Drone x2  
  125  10:26  Drone x6  
  125  10:28  Extractor  
  132  10:30  Extractor  
  132  10:34  Spire  
  124  10:52  Hatchery  
  118  11:27  Baneling  
  118  11:28  Centrifical Hooks, Baneling x18  
  114  11:54  Infestation Pit  
  106  11:57  Drone x7  
  106  11:58  Drone x4  
  109  12:03  Drone x7  
  109  12:04  Drone  
  115  12:13  Mutalisk x6  
  115  12:14  Mutalisk x6  
  124  12:29  Zergling x16  
  133  12:30  Zergling x2  
  133  12:40  Zergling x2  
  133  12:41  Zergling x10  
  135  12:44  Zergling x2  
  135  12:50  Zergling x2  
  129  12:54  Zergling x2  
  129  12:55  Zergling x4  
  120  13:04  Baneling x7  
  120  13:05  Baneling x3  
  115  13:06  Zergling x8  
  108  13:21  Zergling x2  
  75  13:28  Zergling x2  
  75  13:29  Zergling x12  
  75  13:33  Queen x2  
  70  13:36  Zergling x2  
  70  13:37  Zergling x6  
  69  13:45  Mutalisk x7  
  83  13:49  Baneling  
  83  13:50  Baneling x6  
  83  13:58  Zergling x10  
  80  14:10  Zergling x16  
  80  14:13  Mutalisk  
Tags
 
Add a new tag
Caveats
  • Supply blocks, unpowered buildings, or Contaminate may cause inaccurate times.
  • Supply counts are checked every 10 seconds.